 Dungeon Crawl Stone Soup version 0.30-b1-2-g02819fbbbe (webtiles) character file.

Game seed: 13470764198780602586

9 Alarkh the Charlatan (level 2, 22/22 HPs)
             Began as a Demonspawn Artificer on Nov 22, 2023.
             Got out of the dungeon alive.
             The game lasted 00:00:26 (694 turns).

Alarkh the Charlatan (Demonspawn Artificer)          Turns: 694, Time: 00:00:27

Health: 22/22      AC:  5    Str: 12    XL:     2   Next: 3%
Magic:  2/2        EV: 11    Int: 12    God:
Gold:   38         SH:  0    Dex: 13    Spells: 1/1 levels left

rFire   . . .        a - +1 war axe (elec)
rCold   . . .        (no shield)
rNeg    . . .        b - +0 leather armour
rPois   .            (no helmet)
rElec   .            (no cloak)
rCorr   .            (no gloves)
SInv    .            (no boots)
Will    +....        (no amulet)
Stlth   +            k - ring of willpower
HPRegen 0.23/turn    (no ring)
MPRegen 0.08/turn

%: no passive effects
@: no status effects
A: icy blue scales 1
a: no special abilities


You escaped.
You visited 1 branch of the dungeon, and saw 2 of its levels.

You collected 38 gold pieces.

Inventory:

Hand Weapons
 a - a +1 war axe of electrocution (weapon)
 l - a +0 club
Armour
 b - a +0 leather armour (worn)
Jewellery
 k - a ring of willpower (left hand)
Wands
 c - a wand of flame (15) (quivered)
 d - a wand of charming (15)
 e - a wand of iceblast (5)
Scrolls
 g - a scroll of magic mapping {unknown}
 h - a scroll of teleportation {unknown}
 i - a scroll of identify {unknown}
Potions
 f - 2 potions of cancellation {unknown}
 j - 2 potions of mutation {unknown}
 m - 2 potions of attraction {unknown}


   Skills:
 + Level 2.1 Fighting
 - Level 1.7 Armour
 - Level 0.8 Dodging
 - Level 0.8 Stealth
 - Level 3.0 Evocations


You had one spell level left.
You didn't know any spells.
Your spell library was empty.

Dungeon Overview and Level Annotations

Branches:
Dungeon (2/15)

Altars:


Innate Abilities, Weirdness & Mutations

You are partially covered in icy blue scales. (AC +2)


Message History

You see here a hobgoblin corpse.
You see here a +1 war axe of electrocution.
l - a +1 war axe of electrocution Adjust to which letter? (? for menu, Esc to quit)
a - a +1 war axe of electrocution;
l - a +0 club (weapon)
You hear the crackle of electricity.
a - a +1 war axe of electrocution (weapon)
You see here a hobgoblin corpse.
There is a shaft here.
m - 2 fuming blue potions Done exploring.
Done exploring.
Done exploring.
No target in view!
(D) Dungeon
Where to? (? - help)
You see here a +0 leather armour.
The goblin shouts!
The bullfrog gives a loud, deep croak!
There is a stone staircase leading down here.
You climb downwards.
Found a stone staircase leading up.
There is a stone staircase leading up here.
An endoplasm is nearby!
An endoplasm is nearby!
An endoplasm is nearby!
The endoplasm quivers.
You hit the endoplasm.
You kill the endoplasm!
You have reached level 2!
Your demonic ancestry asserts itself...
Icy blue scales grow over part of your body.
Found a stone staircase leading down.
There is a stone staircase leading up here.
You climb upwards.
There is a stone staircase leading down here.
You can't go up here!
There is a staircase leading out of the dungeon here.
Are you sure you want to leave the Dungeon?
This will make you lose the game!
You have escaped!

#.##.#....####.....#...#.# #
#.##......#............#.# #
#.........#.######.....#.# #
#.#.......#.#.?>$#.....#.# #
#.##......#.#!...#.....#.#
#.......###.#?...#..#..#.#
#.#....## #.#$...#.##..#.#
###......## #.######)#.....###
#.........###@.......#........
#..>.......###################
#...#...#......#
#...##.###.###.#
#...##.###.###.##
#...............##############
#..###>###.................(.#
#..##.#.##.##...#.########.#.#
#..#.###.#....#.#.# #...#


There were no monsters in sight!

Vanquished Creatures
  2 endoplasms
  A hobgoblin (D:1)
  A kobold (D:1)
  2 bats (D:1)
  2 rats (D:1)
8 creatures vanquished.

Notes
Turn   | Place    | Note
-------+----------+-------------------------------------------
     0 | D:1      | Alarkh the Demonspawn Artificer began the quest for the
                  | Orb.
     0 | D:1      | Reached XP level 1. HP: 15/15 MP: 1/1
     9 | D:1      | Noticed a bullfrog
   108 | D:1      | Found a faded altar of an unknown god.
   654 | D:2      | Gained mutation: You are partially covered in icy blue
                  | scales. (AC +2) [demonic ancestry]
   654 | D:2      | Reached XP level 2. HP: 22/22 MP: 2/2
   694 | D:$      | Got out of the dungeon alive.

Illustrated notes

Levels and vault maps discovered:
D:1:      evilmike_arrival_come_back, layout_loops_ring,
          ebering_ecumenical_altar_abandoned
D:2:      layout_loops_ring, corner_web_ring

Skill      XL: |  1 |
---------------+----+-----
Fighting       | 2 |  2.1
Armour         | |  1.7
Dodging        | |  0.8
Stealth        | |  0.8
Evocations     | |  3.0

Action                     || total
---------------------------++-------
  Melee: Club              ||    35
         War axe           ||     1
   Stab: Sleeping          ||     1
 Armour: Leather armour    ||    12
  Dodge: Dodged            ||    32
